 Dungeon Crawl Stone Soup version 0.30-a0-808-g6e0788376e (webtiles) character file.

Game seed: 1071681662084668030

814 bjtr the Geomancer (level 7, 0/38 HPs)
             Began as a Gargoyle Earth Elementalist on Feb 25, 2023.
             Slain by Pikel
             ... wielding a +1 whip of flaming
              (6 damage)
             ... on level 7 of the Dungeon on Feb 26, 2023.
             The game lasted 00:18:55 (4374 turns).

bjtr the Geomancer (Gargoyle Earth Elementalist)    Turns: 4374, Time: 00:18:56

Health: 0/38       AC: 10    Str: 17    XL:     7   Next: 93%
Magic:  14/14      EV: 16    Int: 20    God:
Gold:   251        SH:  0    Dex: 10    Spells: 9/15 levels left

rFire   . . .      SeeInvis .    t - +2 spear "Oxesen" {freeze, rPois Int+2}
rCold   . . .      Faith    .    (no shield)
rNeg    + . .      Spirit   .    E - +0 leather armour
rPois   ∞          Reflect  .    (no helmet)
rElec   +          Harm     .    D - +0 cloak
rCorr   .          Rampage  .    g - +0 pair of gloves
Will    .....                    (no boots)
Stlth   ++                       (no amulet)
HPRegen 0.26/turn                p - +5 ring of evasion
MPRegen 0.14/turn                y - +6 ring of strength

@: no status effects
A: sickness immunity, AC +4, negative energy resistance 1, electricity
resistance, torment resistance 1, petrification resistance
a: no special abilities


You were on level 7 of the Dungeon.
You visited 2 branches of the dungeon, and saw 8 of its levels.

You collected 251 gold pieces.

Inventory:

Hand Weapons
 f - a +0 dagger
 i - a +0 whip
 k - a +0 short sword
 l - a +0 sling
 r - the +1 dagger of the Terrible God {pain, rElec Str-2 Int+3}
   (You found it on level 2 of the Dungeon)

   Str:       It affects your strength (-2).
   Int:       It affects your intelligence (+3).
   rElec:     It insulates you from electricity.
 t - the +2 spear "Oxesen" (weapon) {freeze, rPois Int+2}
   (You found it on level 2 of the Dungeon)

   Int:       It affects your intelligence (+2).
   rPois:     It protects you from poison.
 z - a +0 war axe
 C - a +3 quarterstaff of chaos
Missiles
 c - 44 stones
Armour
 a - a +0 robe
 g - a +0 pair of gloves (worn)
 D - a +0 cloak (worn)
 E - a +0 leather armour (worn)
Jewellery
 p - a +5 ring of evasion (left hand)
 y - a +6 ring of strength (right hand)
Wands
 B - a wand of paralysis (12)
Scrolls
 d - a scroll of noise {unknown}
 e - a scroll of teleportation {unknown}
 h - a scroll of magic mapping {unknown}
 n - 2 scrolls of enchant armour {unknown}
 o - a scroll of poison {unknown}
 u - 5 scrolls of immolation
 v - 3 scrolls of identify
 A - a scroll of amnesia {unknown}
Potions
 b - a potion of magic
 j - a potion of might {unknown}
 m - a potion of brilliance {unknown}
 q - 3 potions of curing {unknown}
 s - a potion of heal wounds {unknown}
 w - 2 potions of ambrosia {unknown}
 x - 3 potions of flight {unknown}
 F - a potion of degeneration {unknown}


   Skills:
 + Level 1.0 Fighting
 * Level 1.8 Armour
 - Level 1.9 Dodging
 + Level 3.1 Stealth
 * Level 4.6 Spellcasting
 - Level 0.7 Transmutations
 + Level 8.4 Earth Magic


You had 9 spell levels left.
You knew the following spells:

 Your Spells              Type           Power      Damage    Failure   Level
a - Sandblast             Erth           76%        2d16      1%          1
b - Passwall              Tmut/Erth      19%        N/A       3%          2
c - Stone Arrow           Conj/Erth      42%        3d9       8%          3

Your spell library contained the following spells:

 Spells                   Type           Power      Damage    Failure   Level
 Lee's Rapid Deconstruct  Erth           19%        3d11*     12%         5
 Apportation              Tloc           8%         N/A       14%         1
 Necrotise                Necr           16%        1d4       14%         1
 Summon Small Mammal      Summ           16%        N/A       14%         1
 Poisonous Vapours        Pois/Air       8%         N/A       22%         2
 Petrify                  Tmut/Erth      23%        N/A       22%         4
 Leda's Liquefaction      Hex/Erth       10%        N/A       26%         4
 Call Canine Familiar     Summ           4%         N/A       38%         3
 Inner Flame              Hex/Fire       4%         N/A       38%         3
 Kindle Blastsparks       Fire/Tloc/Air  8%         2d10      38%         3
 Mephitic Cloud           Conj/Pois/Air  4%         N/A       38%         3
 Portal Projectile        Hex/Tloc       8%         N/A       38%         3
 Animate Dead             Necr           4%         N/A       80%         4
 Flame Wave               Conj/Fire      4%         2d5       80%         4
 Fulminant Prism          Conj/Hex       2%         3d5       80%         4
 Iskenderun's Mystic Bla  Conj/Tloc      4%         2d3       80%         4
 Sticky Flame             Conj/Fire      4%         2d3       80%         4
 Haunt                    Necr/Summ      2%         N/A       100%        7
 Infestation              Necr           2%         N/A       100%        8
 Cigotuvi's Dreadful Rot  Necr/Pois/Air  Unusable   N/A       N/A         2

Dungeon Overview and Level Annotations

Branches:
Dungeon (8/15)             Temple (1/1) D:4
   Lair: D:8-11

Altars:
Ashenzari
Cheibriados
Dithmenos
Elyvilon
Fedhas
Gozag
Hepliaklqana
Kikubaaqudgha
Makhleb
Nemelex Xobeh
Okawaru
Ru
Sif Muna
Trog
Uskayaw
Wu Jian
Xom
Yredelemnul
The Shining One

Shops:
D:3 *

Annotations:
D:7 Pikel


Innate Abilities, Weirdness & Mutations

You are immune to sickness and miasma.
Your stone body is resilient. (AC +4)
You are immune to poison.
You resist negative energy. (rN+)
You are resistant to electric shocks. (rElec)
You are resistant to unholy torment.
You are immune to petrification.


Message History

An orc priest comes into view. It is wielding a +0 morningstar.
The orc priest shouts!
You hear a shout!
The bullfrog barely misses you. The bullfrog attacks as you move away!
The bullfrog closely misses you.
An orc priest comes into view. It is wielding a +0 mace of draining.
The bullfrog closely misses you. The bullfrog hits you.
The bullfrog hits you but does no damage. x2
The bullfrog attacks as you move away! The bullfrog hits you.
The lemure shouts!
The bullfrog barely misses you. The lemure closely misses you.
The orc priest mumbles some strange prayers to Beogh against you.
Beogh smites you! The lemure attacks as you move away!
The lemure hits you but does no damage.
The bullfrog hits you but does no damage.
Pikel hits you with a +1 whip of flaming.
Pikel burns you. Pikel attacks as you move away!
Pikel hits you but does no damage.
The bullfrog hits you but does no damage.
The orc priest mumbles some strange prayers to Beogh against you.
Beogh smites you! The bullfrog attacks as you move away!
The bullfrog closely misses you. The bullfrog hits you.
* * * LOW HITPOINT WARNING * * *
There is a stone staircase leading up here.
The bullfrog barely misses you.
Pikel hits you with a +1 whip of flaming.
* * * LOW HITPOINT WARNING * * *
Pikel burns you.
* * * LOW HITPOINT WARNING * * *
The lemure barely misses you.
You climb upwards.
There is a stone staircase leading down here.
As you read the scroll labelled ZILLOS HUNY, it crumbles to dust.
It is a scroll of identify.
u - 5 scrolls of immolation The bullfrog misses you.
The bullfrog closely misses you. The lemure barely misses you.
Pikel hits you with a +1 whip of flaming.
You die...

#####.#
+F@5..#
##K####
#.# #.#
#.# #.#
#.# #..


You could see Pikel, a lemure and a bullfrog.

Vanquished Creatures
  An ogre (D:5)
  3 scorpions
  A howler monkey (D:5)
  2 hounds (D:5)
  Crazy Yiuf (D:4)
  Natasha (thrice) (D:2)
  Terence (D:2)
  2 iguanas (D:5)
  An orc wizard (D:4)
  4 adders
  7 gnolls
  A shadow imp (D:5)
  An ufetubus (D:5)
  An adder zombie (D:2)
  3 adder skeletons (D:2)
  6 worms
  2 dart slugs
  7 orcs (D:4)
  6 ball pythons
  3 endoplasms
  7 giant cockroaches
  2 goblins
  12 hobgoblins
  6 quokkas
  A ball python skeleton (D:2)
  A ball python zombie (D:2)
  12 bats
  6 frilled lizards
  4 kobolds
  5 rats
112 creatures vanquished.

Vanquished Creatures (others)
  10 withered plants (D:2)
10 creatures vanquished.

Grand Total: 122 creatures vanquished

Notes
Turn   | Place    | Note
-------+----------+-------------------------------------------
     0 | D:1      | bjtr the Gargoyle Earth Elementalist began the quest for
                  | the Orb.
     0 | D:1      | Reached XP level 1. HP: 10/10 MP: 3/3
   110 | D:1      | Reached skill level 4 in Earth Magic
   127 | D:1      | Reached XP level 2. HP: 15/15 MP: 1/5
  1003 | D:1      | Reached skill level 5 in Earth Magic
  1003 | D:1      | Reached XP level 3. HP: 17/19 MP: 2/6
  1006 | D:1      | Learned a level 2 spell: Passwall
  1010 | D:1      | Learned a level 3 spell: Stone Arrow
  1188 | D:2      | Noticed Terence
  1198 | D:2      | Killed Terence
  1205 | D:2      | Reached XP level 4. HP: 23/24 MP: 2/7
  1337 | D:2      | Reached skill level 6 in Earth Magic
  1438 | D:2      | Found a shimmering altar of Xom.
  1485 | D:2      | Noticed Natasha
  1523 | D:2      | Killed Natasha
  1532 | D:2      | Reached XP level 5. HP: 14/28 MP: 2/8
  1551 | D:2      | Noticed Natasha
  1561 | D:2      | Killed Natasha
  1562 | D:2      | Reached skill level 7 in Earth Magic
  1589 | D:2      | Noticed Natasha
  1597 | D:2      | Killed Natasha
  1613 | D:2      | Identified the +1 dagger of the Terrible God {pain, rElec
                  | Str-2 Int+3}
  1923 | D:2      | Identified the +2 spear "Oxesen" {freeze, rPois Int+2}
  2569 | D:3      | Found Firomiut's Assorted Antiques.
  3073 | D:4      | Reached XP level 6. HP: 32/32 MP: 9/9
  3313 | D:4      | Reached skill level 8 in Earth Magic
  3504 | D:4      | Found a staircase to the Ecumenical Temple.
  3510 | Temple   | Entered the Ecumenical Temple
  3646 | D:4      | Found a runed translucent door.
  3647 | D:4      | Noticed Crazy Yiuf
  3655 | D:4      | Killed Crazy Yiuf
  3847 | D:5      | Entered Level 5 of the Dungeon
  3851 | D:5      | Reached XP level 7. HP: 33/37 MP: 7/11
  4066 | D:5      | Reached skill level 1 in Armour
  4328 | D:5      | Reached skill level 1 in Fighting
  4328 | D:5      | You fall into a shaft and drop 3 floors!
  4351 | D:8      | Noticed Pikel
  4374 | D:7      | Slain by Pikel

Illustrated notes

Levels and vault maps discovered:
D:1:      minmay_arrival_open_corners, layout_basic
D:2:      layout_loops_ring, basic_altar, dilly_guarded_unrand_morg,
          uniq_terence
D:3:      layout_loops_corners, serial_shops, shop
D:4:      layout_basic, temple_green, serial_park_tiny_pond,
          minmay_crystal_water, uniq_crazy_yiuf_cottage
D:5:      layout_rooms
D:7:      layout_basic, serial_glass, glass_columns_b, glass_columns_b,
          glass_columns_c, glass_columns_a, glass_columns_a, glass_columns_a,
          glass_columns_b, glass_columns_a, minmay_joined_circles
D:8:      old_forge, layout_basic, uniq_psyche, uniq_pikel
Temple:   hellmonk_temple_of_storms

Skill      XL: |  1  2  3  4  5  6  7 |
---------------+----------------------+-----
Earth Magic    | 4 5 6 7 8 |  8.4
Stealth        | 3 |  3.1
Spellcasting   | 3 4 |  4.6
Armour         | 1 |  1.8
Fighting       | 1 |  1.0
Dodging        | |  1.9
Transmutations | |  0.7

Action                     |  1- 3 |  4- 6 |  7- 9 || total
---------------------------+-------+-------+-------++-------
  Melee: Dagger            |     5 |    12 |       ||    17
         Whip              |     9 |       |       ||     9
         Short sword       |       |    29 |       ||    29
         Spear             |       |    57 |    31 ||    88
         Punch             |       |     1 |     1 ||     2
   Cast: Sandblast         |    39 |    62 |    22 ||   123
    Use: Scroll            |       |       |     1 ||     1
   Stab: Sleeping          |       |     3 |       ||     3
         Distracted        |       |     1 |       ||     1
 Armour: Robe              |    20 |    34 |     2 ||    56
         Leather armour    |       |       |    10 ||    10
  Dodge: Dodged            |    25 |    79 |    34 ||   138

Table legend: (Time is in decaauts)
 A = Elapsed time spent in this place.
 B = Non-inter-level travel time spent in this place.
 C = Inter-level travel time spent in this place.
 D = Time resting spent in this place.
 E = Time spent auto-exploring this place.
 F = Levels seen in this place.
 G = Mean time per level.
                   A        B        C        D        E       F      G
               +--------+--------+--------+--------+--------+-----+--------+
         Total |   4443 |   4340 |    103 |    263 |   3016 |   8 |  555.4 |
       Dungeon |   4403 |   4303 |    100 |    263 |   2998 |   7 |  629.0 |
        Temple |     39 |     36 |      3 |      0 |     18 |   1 |   39.0 |
               +--------+--------+--------+--------+--------+-----+--------+

Top non-repeatable levels by time:
     D:1: 1202 daAuts
     D:3: 945 daAuts
     D:2: 932 daAuts
     D:4: 782 daAuts
     D:5: 495 daAuts
     D:8: 44 daAuts
  Temple: 39 daAuts
     D:7: 0 daAuts
